AoeStats
← Enberto

Migration

510264905Analyzed
1v1 RM · 5h ago on Sep 30, 2026· 70m 47s· 2 players
Game mode
Random Map
Map size
132×132
Population
200
Speed
Normal
Resources
Standard
Victory
Conquest
Starting age
Dark Age
Ending age
Imperial Age
RankedLock teamsTeams togetherTeam positionsShared explorationLock speedFull tech treeHidden civsTurbo modeCheats
Victory
Defeat
🇭🇰 Japanese · Hong Kong SAR China
1057
+17
🇮🇹 Vikings · Italy
1088
-17
kenny2014
7:44 Loom
10:09 Feudal Age
10:40 Double-Bit Axe
10:56 Fishing Lines
17:32 Castle Age
16:47 Man-at-Arms
18:25 Scale Mail Armor
20:09 Medium Warships
20:08 Long Swordsman
20:44 Town Watch
21:34 Wheelbarrow
22:21 Gambesons
25:30 Squires
25:35 Horse Collar
33:07 Imperial Age
34:24 Murder Holes
38:59 Fletching
39:29 Two-Handed Swordsman
39:55 Arson
40:51 Heavy Warships
44:22 Conscription
43:43 Pikeman
55:16 Chain Mail Armor
56:04 Forging
56:28 Plate Mail Armor
57:31 Clinker Construction
58:31 Champion
59:49 Bow Saw
63:47 Kataparuto
63:54 Gold Mining
63:55 Stone Mining
65:07 Two-Man Saw
64:34 Hand Cart
66:03 Heavy Plow
65:43 Capped Ram
67:53 Ballistics
68:34 Chemistry
67:58 Ballistics
67:46 Siege Engineers
67:54 Careening
Enberto
12:00 Loom
13:53 Feudal Age
14:38 Fishing Lines
14:29 Man-at-Arms
14:55 Arson
16:07 Double-Bit Axe
25:18 Castle Age
25:19 Long Swordsman
26:26 Medium Warships
26:10 Gillnets
38:47 Horse Collar
39:30 Bow Saw
43:57 Imperial Age
44:05 Cavalier
44:43 Two-Handed Swordsman
45:25 Squires
49:12 Hoardings
50:48 Champion
50:49 Elite Varangian Guard
52:28 Heavy Warships
61:16 Elite Longship
Connection lost

Rejoining the realm…

Still unreachable

The connection could not be restored.

Session expired

The server has moved on; the page needs a fresh start.